 Dungeon Crawl Stone Soup version 0.30-a0-964-gd452b5e7fa (webtiles) character file.

Game seed: 4668093858218260179

283 vishdafish the Conjurer (level 6, -9/41 HPs)
             Began as a Demonspawn Conjurer on Mar 30, 2023.
             Killed by divine providence
             ... invoked by an orc priest
              (11 damage)
             ... on level 4 of the Dungeon.
             The game lasted 00:03:59 (3083 turns).

vishdafish the Conjurer (Demonspawn Conjurer)       Turns: 3083, Time: 00:03:59

Health: -9/41      AC:  3    Str:  8    XL:     6   Next: 7%
Magic:  0/12       EV: 12    Int: 21    God:
Gold:   205        SH:  5    Dex: 17    Spells: 4/13 levels left

rFire   . . .      SeeInvis .    l - +2 whip (elec)
rCold   . . .      Faith    .    (no shield)
rNeg    . . .      Spirit   +    a - +0 robe
rPois   +          Reflect  +    (no helmet)
rElec   .          Rampage  .    (no cloak)
rCorr   .                        (no gloves)
Will    .....                    h - +0 pair of boots
Stlth   ++                       d - amulet of reflection
HPRegen 0.26/turn                f - +6 ring of dexterity
MPRegen 0.26/turn                u - ring of poison resistance

@: no status effects
A: magic shield, magic regeneration, demonic touch 1
a: no special abilities


You were on level 4 of the Dungeon.
You visited 1 branch of the dungeon, and saw 4 of its levels.

You collected 205 gold pieces.

Inventory:

Hand Weapons
 g - a +0 short sword
 l - a +2 whip of electrocution (weapon)
Armour
 a - a +0 robe (worn)
 h - a +0 pair of boots (worn)
Jewellery
 d - an amulet of reflection (around neck)
 f - a +6 ring of dexterity (left hand)
 u - a ring of poison resistance (right hand)
Scrolls
 c - 4 scrolls of identify {unknown}
 i - a scroll of silence {unknown}
 m - a scroll of torment {unknown}
 n - 2 scrolls of teleportation {unknown}
 p - a scroll of magic mapping {unknown}
 q - a scroll of amnesia {unknown}
 r - a scroll of poison {unknown}
Potions
 b - a potion of lignification
 j - a potion of invisibility {unknown}
 k - 2 potions of heal wounds {unknown}
 o - a potion of cancellation {unknown}
 s - 2 potions of attraction {unknown}
 t - a potion of mutation {unknown}


   Skills:
 - Level 1.7 Dodging
 - Level 1.7 Stealth
 + Level 4.3 Spellcasting
 + Level 5.9 Conjurations


You had 4 spell levels left.
You knew the following spells:

 Your Spells              Type           Power      Damage    Failure   Level
a - Magic Dart            Conj           100%       1d8       1%          1
b - Fulminant Prism       Conj/Hex       8%         3d7       34%         4
c - Iskenderun's Mystic   Conj/Tloc      17%        2d5       34%         4

Your spell library contained the following spells:

 Spells                   Type           Power      Damage    Failure   Level
 Searing Ray              Conj           58%        2d6       1%          2
 Dazzling Flash           Conj/Hex       34%        N/A       11%         3
 Ensorcelled Hibernation  Hex/Ice        8%         N/A       17%         2
 Inner Flame              Hex/Fire       4%         N/A       34%         3
 Spider Form              Tmut/Pois      4%         N/A       34%         3
 Anguish                  Hex/Necr       2%         N/A       75%         4
 Cause Fear               Hex            2%         N/A       75%         4
 Discord                  Hex            2%         N/A       100%        8


Dungeon Overview and Level Annotations

Branches:
Dungeon (4/15)
 Temple: D:4-7

Altars:


Innate Abilities, Weirdness & Mutations

When hurt, damage is shared between your health and your magic reserves.
You regenerate magic rapidly.
Your touch may inflict minor irresistible damage on your foes.


Message History

The orc priest hits you but does no damage.
The orc priest hits you from afar with a +0 trident.
* * * LOW HITPOINT WARNING * * *
Aiming: Magic Dart (safe; 1% risk of failure)
Press: ? - help, Q - select action Shift-Dir - straight line, f/p - orc priest
Aim: an orc priest, wielding a +0 trident (severely wounded, 100% to hit)
The magic dart hits the orc priest.
The orc priest is severely wounded.
Your transformation is almost over.
The orc priest hits you but does no damage.
The orc priest looks satisfied for a moment.
The orc priest hits you but does no damage.
The orc priest hits you from afar with a +0 trident.
* * * LOW HITPOINT WARNING * * *
The orc priest hits you but does no damage.
The orc priest hits you from afar with a +0 trident.
* * * LOW HITPOINT WARNING * * *
The orc priest hits you but does no damage.
The orc priest hits you but does no damage.
You feel less wooden.
Your +0 pair of boots unmelds from your body.
Your +0 robe unmelds from your body.
The orc priest closely misses you.
Aiming: Magic Dart (safe; 1% risk of failure)
Press: ? - help, Q - select action Shift-Dir - straight line, f/p - orc priest
Aim: an orc priest, wielding a +0 trident (severely wounded, 100% to hit)
The magic dart hits the orc priest.
The orc priest is almost dead.
The orc priest hits you from afar with a +0 trident.
* * * LOW HITPOINT WARNING * * *
Okay, then.
You aren't carrying any items that you can evoke.
Unknown command.
Aiming: Magic Dart (safe; 1% risk of failure)
Press: ? - help, Q - select action Shift-Dir - straight line, f/p - orc priest
Aim: an orc priest, wielding a +0 trident (almost dead, 100% to hit)
The magic dart hits the orc priest.
The orc priest is almost dead.
The orc priest mumbles some strange prayers to Beogh against you.
Beogh smites you!
You die...

## ###### ###.
##....# #....
#...#.# #....###
#...#.### +..$o).#
#...#.... #o#
#.#.##### #.#
#......# #@#
##.#.#.# #.#.
.....#.#
#.#.#######...#.##
#.#...........#...
#.#...#.......####
#.#...#......##
#.#......#########
#.#.#....####.....
#.#........##.##..


You could see an orc priest.

Vanquished Creatures
  A water moccasin (D:3)
  An orc priest (D:3)
  An iguana (D:4)
  4 gnolls
  3 worms (D:2)
  4 dart slugs
  5 orcs
  5 endoplasms
  6 giant cockroaches
  2 goblins (D:2)
  6 hobgoblins
  10 jackals
  5 kobolds
  A quokka (D:1)
  3 ball pythons
  6 bats
  2 frilled lizards (D:1)
  3 rats
68 creatures vanquished.

Vanquished Creatures (others)
  A fulminant prism (D:3)
1 creature vanquished.

Grand Total: 69 creatures vanquished

Notes
Turn   | Place    | Note
-------+----------+-------------------------------------------
     0 | D:1      | vishdafish the Demonspawn Conjurer began the quest for the
                  | Orb.
     0 | D:1      | Reached XP level 1. HP: 13/13 MP: 3/3
   246 | D:1      | Gained mutation: You regenerate magic rapidly. [demonic
                  | ancestry]
   246 | D:1      | Reached XP level 2. HP: 19/19 MP: 3/5
   793 | D:1      | Gained mutation: When hurt, damage is shared between your
                  | health and your magic reserves. [demonic ancestry]
   793 | D:1      | Reached XP level 3. HP: 24/24 MP: 5/7
  1594 | D:2      | Reached XP level 4. HP: 30/30 MP: 1/8
  1599 | D:2      | Learned a level 4 spell: Fulminant Prism
  1604 | D:2      | Learned a level 4 spell: Iskenderun's Mystic Blast
  1988 | D:3      | Noticed a water moccasin
  2003 | D:3      | Killed a water moccasin
  2004 | D:3      | Reached skill level 5 in Conjurations
  2004 | D:3      | Reached XP level 5. HP: 17/35 MP: 3/10
  3062 | D:4      | Gained mutation: Your touch may inflict minor irresistible
                  | damage on your foes. [demonic ancestry]
  3062 | D:4      | Reached XP level 6. HP: 14/41 MP: 0/12
  3081 | D:4      | HP: 2/41 [orc priest/+0 trident (6)]
  3083 | D:4      | Killed from afar by an orc priest

Illustrated notes

Levels and vault maps discovered:
D:1:      dpeg_arrival_orchard, layout_loops_corners, serial_park_tiny_pond
D:2:      layout_rooms
D:3:      layout_basic, roderic_lattice_a
D:4:      cheibrodos_quashed, layout_basic, minmay_misc_feat_iff

Skill      XL: |  1  2  3  4  5 |
---------------+----------------+-----
Spellcasting   | 3 4 |  4.3
Conjurations   | 5 |  5.9
Dodging        | |  1.7
Stealth        | |  1.7

Action                     |  1- 3 |  4- 6 || total
---------------------------+-------+-------++-------
  Melee: Unarmed           |     7 |       ||     7
         Whip              |     5 |    19 ||    24
   Cast: Magic Dart        |    96 |    71 ||   167
         Fulminant Prism   |       |     1 ||     1
    Use: Potion            |     1 |     5 ||     6
 Armour: Robe              |     2 |     1 ||     3
         Skin              |       |    18 ||    18
  Dodge: Dodged            |    12 |    26 ||    38
  Block: Other             |       |     8 ||     8

Table legend: (Time is in decaauts)
 A = Elapsed time spent in this place.
 B = Non-inter-level travel time spent in this place.
 C = Inter-level travel time spent in this place.
 D = Time resting spent in this place.
 E = Time spent auto-exploring this place.
 F = Levels seen in this place.
 G = Mean time per level.
                   A        B        C        D        E       F      G
               +--------+--------+--------+--------+--------+-----+--------+
         Total |   3083 |   3011 |     72 |      0 |   2618 |   4 |  770.8 |
       Dungeon |   3083 |   3011 |     72 |      0 |   2618 |   4 |  770.8 |
               +--------+--------+--------+--------+--------+-----+--------+

Top non-repeatable levels by time:
     D:1: 1123 daAuts
     D:3: 1049 daAuts
     D:2: 627 daAuts
     D:4: 282 daAuts
